[Event "Live Chess"]
[Site "Chess.com"]
[Date "2023.05.21"]
[Round "-"]
[White "Grookey2012"]
[Black "PaulyD81"]
[Result "1/2-1/2"]
[WhiteElo "575"]
[BlackElo "1087"]
[TimeControl "300"]
[EndTime "8:49:16 PDT"]
[Termination "Game drawn by stalemate"]

1. e4 d5 2. Nc3 dxe4 3. Nxe4 Qd5 4. Qf3 Bf5 5. Nf6+ Nxf6 6. Qxd5 Nxd5 7. Bb5+ Nc6 8. Bxc6+ bxc6 9. c4 Nf6 10. Nf3 e6 11. Ne5 c5 12. Nxf7 Kxf7 13. d4 cxd4 14. Bf4 Bd6 15. Be5 Bxe5 16. O-O c5 17. Rad1 Rhd8 18. f4 Bc7 19. Rf3 Bg4 20. Rdf1 Bxf3 21. b3 Be4 22. a4 a5 23. b4 axb4 24. f5 e5 25. a5 Rxa5 26. Kh1 Ra2 27. Kg1 d3 28.
Kh1 d2 29. Kg1 Rc2 30. Kh1 Rc1 31. Kg1 Rxf1+ 32. Kxf1 d1=Q+ 33. Kf2 Rd2+ 34. Kg3 Qf1 35. Kh4 Qxg2 36. h3 Bf3 1/2-1/2

[Event "Live Chess"]
[Site "Chess.com"]
[Date "2023.05.21"]
[Round "-"]
[White "friarnator"]
[Black "yarek"]
[Result "1-0"]
[WhiteElo "2034"]
[BlackElo "1855"]
[TimeControl "300"]
[EndTime "8:49:23 PDT"]
[Termination "friarnator won by resignation"]

1. d4 g6 2. h4 Bg7 3. h5 d5 4.
h6 Bf8 5. Nf3 Nf6 6. c3 Bf5 7. Qb3 b6 8. Bg5 Ne4 9. Bf4 Nc6 10. e3 e6 11. Bb5 Rb8 12. Bxc6+ Ke7 13. Nbd2 f6 14. Nxe4 Bxe4 15. Qa3+ Kf7 16. Qxa7 Bd6 17.
Bxd6 Qxd6 18. Qa4 e5 19. dxe5 fxe5 20. Ng5+ Ke7 21. Nxe4 dxe4 22. Qxe4 Rhf8 23. Rd1 Qf6 24. Rd7+ Ke8 25. Rd6+ 1-0

[Event "Live Chess"]
[Site "Chess.com"]
[Date "2023.05.21"]
[Round "-"]
[White "stevochess11"]
[Black "OleksiyJr1"]
[Result "1-0"]
[WhiteElo "1659"]
[BlackElo "1046"]
[TimeControl "300"]
[EndTime "8:49:33 PDT"]
[Termination "stevochess11 won by resignation"]

1. e4 c5 2. c3 Nc6 3. d3 d6 4.
f3 e5 5. g3 Nf6 6. Nh3 g6 7. Bg2 Bg7 8. O-O Bxh3 9. Bxh3 O-O 10.
Be3 b5 11. Nd2 Qb6 12. f4 b4 13. f5 bxc3 14. bxc3 Qa6 15. Nf3 Rab8 16. Nh4 Qa3 17.
fxg6 fxg6 18. Be6+ Kh8 19. Qd2 Rb2 20. Qc1 Rfb8 21.
Bh6 Nd8 22. Bxg7+ Kxg7 23. Qg5 Nxe6 24. Qxf6+ Kg8 25. Qf7+ Kh8 26. Qxe6 Qxc3 27. Qf6+ Kg8 28. Nf3 Rf8 29. Qe6+ Kg7 30. Ng5 Qd4+ 31. Kh1 Rbf2 32. Rxf2 Qxf2 33. Qh3 h5 34. Ne6+ Kf6 35. Rf1 Qxf1+ 36.
Qxf1+ Kxe6 37. Qxf8 d5 38. exd5+ Kxd5 39. Qd8+ Ke6 40.
Kg2 Kf5 41. Kf3 e4+ 42. dxe4+ Ke5 43. Qd5+ 1-0

[Event "Live Chess"]
[Site "Chess.com"]
[Date "2023.05.21"]
[Round "-"]
[White "garyjc"]
[Black "Cimon"]
[Result "0-1"]
[WhiteElo "1075"]
[BlackElo "1847"]
[TimeControl "300"]
[EndTime "8:49:33 PDT"]
[Termination "Cimon won by resignation"]

1. e4 d5 2. exd5 Qxd5 3. Nc3 Qd6 4. Nf3 Nf6 5. Nb5 Qd7 6. Ne5 Qd8 7. Bc4 e6 8. d4 a6 9. Nc3 Bd6 10. O-O O-O 11.
Bf4 b5 12. Bd3 Bb7 13. Re1 Nbd7 14. Ne4 Nxe4 15. Bxe4 Bxe4 16. Rxe4 Nf6 17. Re1 c5 18. Nc6 Qc7 19. Bxd6 Qxd6 20. Ne5 cxd4 21. c3 Rfd8 22.
cxd4 Qxd4 23. Qxd4 Rxd4 24. Nc6 Rc4 25. Ne7+ Kf8 26. Rac1 Kxe7 27. Rxc4 bxc4 28. Rc1 Rc8 29. b3 c3 0-1

[Event "Live Chess"]
[Site "Chess.com"]
[Date "2023.05.21"]
[Round "-"]
[White "ramses-IIG"]
[Black "lateforthesky"]
[Result "0-1"]
[WhiteElo "854"]
[BlackElo "2074"]
[TimeControl "300"]
[EndTime "8:49:35 PDT"]
[Termination "lateforthesky won by checkmate"]

1. e4 c5 2. Nf3 Nf6 3. Bc4 e6 4. d3 Nc6 5. c3 d6 6. Bg5 Be7 7.
O-O h6 8. Bxf6 Bxf6 9. d4 cxd4 10.
cxd4 d5 11. e5 dxc4 12. exf6 Qxf6 13. Nc3 O-O 14. Nb5 Bd7 15. Nd6 Rab8 16. Nxc4 Rfd8 17. Nce5 Be8 18. Nxc6 Bxc6 19. Rc1 Bxf3 20. Qxf3 Qxf3 21. gxf3 Rxd4 22. Kg2 Rd2 23. Rb1 Rc8 24. a3 a5 25.
b4 a4 26. b5 Rc3 27. Rfc1 Rxa3 28. Rc7 Raa2 29. Rxb7 Rxf2+ 30. Kg3 a3 31. Ra7 Rfb2 32.
Rxb2 axb2 33. b6 b1=Q 34. b7 Rb2 35. Ra8+ Kh7 36. b8=N Qg6+ 37. Kh3 Qg2+ 38. Kh4 g5+ 39. Kh5 Qh3# 0-1

[Event "Live Chess"]
[Site "Chess.com"]
[Date "2023.05.21"]
[Round "-"]
[White "Ocelot32"]
[Black "Dhaydon19"]
[Result "0-1"]
[WhiteElo "1432"]
[BlackElo "2692"]
[TimeControl "300"]
[EndTime "8:49:47 PDT"]
[Termination "Dhaydon19 won by resignation"]

1. e4 c6 2. Nf3 d5 3. Nc3 Bg4 4. h3 Bxf3 5. Qxf3 e6 6. exd5 cxd5 7. d4 Nc6 8. Bd3 Nxd4 9. Qg3 Nc6 10. O-O a6 11. Be3 d4 12. Bxd4 Qxd4 13. Rfe1 Nf6 14.
Rad1 Qb6 15. Bc4 Rd8 16. Qe3 Qxe3 17. Rxd8+ Kxd8 18. Rxe3 Bc5 19. Rd3+ Ke7 20. Ne2 Ne5 21. Rc3 Bxf2+ 22. Kf1 Ne4 23. Rb3 Nd2+ 24. Kxf2 Nxb3 0-1

[Event "Live Chess"]
[Site "Chess.com"]
[Date "2023.05.21"]
[Round "-"]
[White "raminguy"]
[Black "chessfiction"]
[Result "1/2-1/2"]
[WhiteElo "1931"]
[BlackElo "2297"]
[TimeControl "300"]
[EndTime "8:50:32 PDT"]
[Termination "Game drawn by agreement"]

1. d4 d5 2. c4 Nf6 3. Nc3 c6 4. Bg5 e6 5. Nf3 Nbd7 6. e4 dxe4 7.
Nxe4 Bb4+ 8. Nc3 O-O 9. Qc2 Qa5 10. Bd3 e5 11. O-O Bxc3 12. bxc3 exd4 13. cxd4 h6 14. Bh4 Qh5 15. Rfe1 b6 16. Qe2 Ba6 17. a4 Rfe8 18. Qc2 Rxe1+ 19. Rxe1 c5 20. d5 Re8 21. Rxe8+ Nxe8 22.
Qe2 Nef6 23. h3 g5 24. Bg3 g4 25.
hxg4 Qxg4 26. Nd2 Qxe2 27. Bxe2 Nxd5 28. Bg4 N7f6 29. Bh3 Nc3 30. Bb8 Ne2+ 31. Kh2 Nf4 32. Bxa7 Nxh3 33. Kxh3 Nd7 34. Ne4 Kg7 35. Nd6 Ne5 36.
Bxb6 Nxc4 37. Nxc4 Bxc4 38. Bxc5 Ba6 39. a5 Bc4 40. g3 Ba6 41. f4 Bb5 42. Kh4 1/2-1/2

[Event "Live Chess"]
[Site "Chess.com"]
[Date "2023.05.21"]
[Round "-"]
[White "Pablo_dmp"]
[Black "JohanKjeldahl"]
[Result "0-1"]
[WhiteElo "1830"]
[BlackElo "1878"]
[TimeControl "300"]
[EndTime "8:50:34 PDT"]
[Termination "JohanKjeldahl won by checkmate"]

1. e4 c5 2. a3 e6 3. b4 cxb4 4.
axb4 Bxb4 5. c3 Be7 6. d4 d5 7.
Bd3 Nc6 8. Nd2 dxe4 9. Nxe4 Nf6 10. Nf3 O-O 11. Qc2 h6 12. O-O b6 13. Ng3 Bb7 14.
Bf4 Nd5 15. Bd2 Rc8 16. Be4 Bf6 17. Qd3 a5 18. Rfd1 Nb8 19. c4 Ba6 20. Ne5 Bxe5 21.
dxe5 Bxc4 22. Qf3 Nc6 23. Rac1 Nxe5 24. Qh5 Qf6 25. Bxd5 Bxd5 26. Bc3 Rxc3 27. Rxc3 Ng4 28. Rc2 Bb3 29. Qxg4 Bxc2 30. Rc1 Bf5 31. Qf3 Qb2 32. Rd1 Rc8 33. Nxf5 exf5 34. h3 Rc1 35. Qa8+ Kh7 36. Rxc1 Qxc1+ 37. Kh2 Qc7+ 38. g3 g6 39. Kg2 Qc4 40.
Qe8 a4 41. Qe1 Qe4+ 42. Qxe4 fxe4 43. Kf1 a3 44. g4 a2 45. h4 a1=Q+ 46. Kg2 f5 47. h5 gxh5 48. Kh2 Qf1 49. f3 exf3 50. g5 Qg2# 0-1

[Event "Live Chess"]
[Site "Chess.com"]
[Date "2023.05.21"]
[Round "-"]
[White "FlyingChessKestrel13"]
[Black "SupremeTactician"]
[Result "1-0"]
[WhiteElo "2083"]
[BlackElo "2155"]
[TimeControl "300"]
[EndTime "8:50:38 PDT"]
[Termination "FlyingChessKestrel13 won by checkmate"]

1. e4 e5 2. Nf3 Nc6 3. d4 exd4 4. Nxd4 Nf6 5. Nc3 Bb4 6. Nxc6 bxc6 7. Bd3 d5 8. e5 Nd7 9. O-O O-O 10. f4 d4 11. Ne4 Be7 12. Qf3 Rb8 13. Qg3 f5 14. Ng5 Bxg5 15. fxg5 c5 16. Bxf5 Nb6 17. e6 Rxf5 18.
Rxf5 Bxe6 19. Rf1 c4 20. Bf4 Nd5 21. Be5 Rxb2 22. Bxd4 Rxc2 23. Qe5 Qd7 24. Rae1 Bf7 25. Qxg7# 1-0

[Event "Live Chess"]
[Site "Chess.com"]
[Date "2023.05.21"]
[Round "-"]
[White "Rusty_Bridges"]
[Black "manthanit"]
[Result "1-0"]
[WhiteElo "1528"]
[BlackElo "1112"]
[TimeControl "300"]
[EndTime "8:50:42 PDT"]
[Termination "Rusty_Bridges won by checkmate"]

1. e4 e6 2. d4 d5 3. exd5 exd5 4.
Nf3 Nf6 5. Bd3 h6 6. c3 a6 7. O-O Be7 8. Re1 O-O 9. Bf4 Re8 10. Nbd2 Bd6 11. Bxd6 Rxe1+ 12. Qxe1 Qxd6 13. Ne5 Be6 14. Ndf3 Nbd7 15. h3 Re8 16. Qd2 c5 17. Re1 cxd4 18.
cxd4 b5 19. Rc1 Qb8 20. Rc6 Nxe5 21. Nxe5 Qa7 22. a4 Qxd4 23. Nf3 Qxa4 24. Nd4 Qa1+ 25. Kh2 Ne4 26. Bxe4 dxe4 27. Qe2 Bd5 28. Rd6 Bc4 29. Qh5 Qxb2 30. Nf5 Qe5+ 31. g3 Kh7 32. Rxh6+ gxh6 33. Qxh6+ Kg8 34. Qg5+ Kh7 35. Qh6+ Kg8 36. Qg5+ Kf8 37.
Qh6+ Qg7 38. Qxg7# 1-0

[Event "Live Chess"]
[Site "Chess.com"]
[Date "2023.05.21"]
[Round "-"]
[White "LiamBellwood"]
[Black "GEMdzq"]
[Result "0-1"]
[WhiteElo "1927"]
[BlackElo "2220"]
[TimeControl "300"]
[EndTime "8:50:43 PDT"]
[Termination "GEMdzq won by resignation"]

1. d4 Nf6 2. Nc3 e6 3. Bf4 c5 4. d5 exd5 5. Nxd5 Nxd5 6. Qxd5 Nc6 7. O-O-O Be7 8. e3 O-O 9. Nf3 d6 10. Kb1 Be6 11. Qd2 Qb6 12. Ng5 Bf6 13. c3 d5 14.
Nxe6 fxe6 15. Bg3 Rad8 16. Be2 d4 17. Bc4 dxc3 18. Qc2 Nb4 0-1

[Event "Live Chess"]
[Site "Chess.com"]
[Date "2023.05.21"]
[Round "-"]
[White "boilerboy1"]
[Black "Missedidea"]
[Result "0-1"]
[WhiteElo "1054"]
[BlackElo "1781"]
[TimeControl "300"]
[EndTime "8:50:45 PDT"]
[Termination "Missedidea won by resignation"]

1. e4 c5 2. c4 g6 3. d3 Bg7 4.
Nc3 e6 5. Bd2 Ne7 6. Nf3 d6 7.
Be2 O-O 8. O-O Nbc6 9. Bg5 h6 10. Bh4 g5 11. Bg3 f5 12. exf5 exf5 13. h3 f4 14. Bh2 Nf5 15. Rb1 Be6 16. Ne4 a6 17. a3 b5 18. b4 Qe7 19. bxc5 dxc5 20. cxb5 axb5 21. Rxb5 Ncd4 22. Nxd4 cxd4 23. Nc5 Bd5 24. Bg4 Rxa3 25. Re1 Qa7 26. Bxf5 Rxf5 27. Re8+ Kh7 28. Rb1 Qxc5 29.
Rc1 Rc3 30. Rxc3 dxc3 31. Qc2 Re5 32. Rxe5 Bxe5 0-1

[Event "Live Chess"]
[Site "Chess.com"]
[Date "2023.05.21"]
[Round "-"]
[White "Ian-Morley"]
[Black "WelshTiger"]
[Result "0-1"]
[WhiteElo "1096"]
[BlackElo "2321"]
[TimeControl "300"]
[EndTime "8:50:55 PDT"]
[Termination "WelshTiger won by resignation"]

1. e4 c5 2. Nf3 d6 3. Bb5+ Bd7 4. Bxd7+ Nxd7 5. O-O Ngf6 6. Re1 e6 7. c3 Be7 8. d4 cxd4 9. cxd4 O-O 10. Nc3 Rc8 11.
e5 Nd5 12. Nxd5 exd5 13. exd6 Bxd6 14. Ne5 Nxe5 15. dxe5 Bc5 16. Be3 Bxe3 17. Rxe3 Qd7 18. Qd2 Rfd8 19. Rd3 Qe6 20. Rc1 Rxc1+ 21. Qxc1 Qxe5 22.
Rc3 h6 23. h3 d4 24. Rc8 Rxc8 25. Qxc8+ Kh7 26. g4 d3 27. Qf5+ Qxf5 28. gxf5 d2 0-1

[Event "Live Chess"]
[Site "Chess.com"]
[Date "2023.05.21"]
[Round "-"]
[White "Bob2pen"]
[Black "jagbama"]
[Result "1-0"]
[WhiteElo "1889"]
[BlackElo "1199"]
[TimeControl "300"]
[EndTime "8:50:59 PDT"]
[Termination "Bob2pen won by checkmate"]

1. e4 e5 2. Nf3 Nc6 3. Bb5 Bc5 4. O-O Nf6 5. Nxe5 Nxe5 6. d4 Nxe4 7. Re1 Nd6 8.
Rxe5+ Kf8 9. Rxc5 Ne4 10. Re5 Qh4 11. Qe2 Nd6 12. c3 c6 13. Bg5 Qxg5 14. Rxg5 Nxb5 15.
Nd2 d5 16. Re1 Bd7 17. Qe7+ Kg8 18. Qxd7 h6 19. Rg3 Kh7 20. Qxf7 Rhf8 21. Qxg7# 1-0

[Event "Live Chess"]
[Site "Chess.com"]
[Date "2023.05.21"]
[Round "-"]
[White "Tiltador"]
[Black "Olisingapore"]
[Result "0-1"]
[WhiteElo "934"]
[BlackElo "1801"]
[TimeControl "300"]
[EndTime "8:51:03 PDT"]
[Termination "Olisingapore won by checkmate"]

1. e4 e5 2. d3 d5 3. f3 Nf6 4. Be2 Nc6 5. Bg5 Bc5 6. Bxf6 Qxf6 7. Nc3 dxe4 8. Nxe4 Qe7 9. Nxc5 Qxc5 10. Qd2 Nd4 11. O-O-O Be6 12. b3 Bxb3 13. axb3 Nxb3+ 14. Kb2 Nxd2 15. Rxd2 Qb4+ 16. Kc1 O-O-O 17. Nh3 a5 18. Ng5 Rd7 19. Kd1 Qb1# 0-1

[Event "Live Chess"]
[Site "Chess.com"]
[Date "2023.05.21"]
[Round "-"]
[White "Misha145Chess"]
[Black "CeladonFish"]
[Result "0-1"]
[WhiteElo "620"]
[BlackElo "1137"]
[TimeControl "300"]
[EndTime "8:51:08 PDT"]
[Termination "CeladonFish won by resignation"]

1. g4 Nf6 2. Bg2 Nxg4 3. e4 Nf6 4. e5 Ng8 5. d4 f6 6. exf6 Nxf6 7. d5 c6 8. Bg5 Qa5+ 9. Nc3 cxd5 10. Bxd5 e6 11. Bg2 Qxg5 12. h3 Qxg2 13. Rh2 Qxh2 0-1

[Event "Live Chess"]
[Site "Chess.com"]
[Date "2023.05.21"]
[Round "-"]
[White "Crowded_House"]
[Black "ZackirtyChess"]
[Result "1-0"]
[WhiteElo "1618"]
[BlackElo "1174"]
[TimeControl "300"]
[EndTime "8:51:16 PDT"]
[Termination "Crowded_House won by resignation"]

1. d4 f5 2. Bg5 h6 3. Bh4 Nf6 4. Bxf6 exf6 5. e3 Qe7 6. Bd3 g6 7. Nf3 Bg7 8. c3 O-O 9. O-O d5 10. Nh4 g5 11. Nxf5 Bxf5 12. Bxf5 Nc6 13. Bc2 Rad8 14.
Qd3 Bh8 15. Qg6+ Qg7 16. Qxg7+ Bxg7 17. Nd2 f5 18. Rae1 Ne7 19. Nb3 f4 20. exf4 Rxf4 21.
Rxe7 Bf6 22. Re6 Re8 23. Rfe1 Kf7 24. Rxe8 1-0

[Event "Live Chess"]
[Site "Chess.com"]
[Date "2023.05.21"]
[Round "-"]
[White "OleksiyJr1"]
[Black "Ocelot32"]
[Result "0-1"]
[WhiteElo "1044"]
[BlackElo "1434"]
[TimeControl "300"]
[EndTime "8:51:31 PDT"]
[Termination "Ocelot32 won by checkmate"]

1. e4 e6 2. Nf3 d5 3. e5 c5 4. d4 cxd4 5. Nxd4 Bc5 6. f4 Nh6 7. Bb5+ Bd7 8. Bxd7+ Nxd7 9. c3 Bxd4 10. cxd4 Nf5 11. Nc3 Qh4+ 12. g3 Nxg3 13. Be3 Nxh1+ 14. Bf2 Qxf2# 0-1

[Event "Live Chess"]
[Site "Chess.com"]
[Date "2023.05.21"]
[Round "-"]
[White "HoarseyHorsey"]
[Black "RichardABates"]
[Result "0-1"]
[WhiteElo "1467"]
[BlackElo "2190"]
[TimeControl "300"]
[EndTime "8:51:33 PDT"]
[Termination "RichardABates won by resignation"]

1. d4 Nf6 2. c4 g6 3. f3 Bg7 4.
e4 O-O 5. Nc3 d6 6. Nge2 c5 7. d5 e6 8. Ng3 exd5 9. cxd5 a6 10.
a4 Nbd7 11. Be2 h5 12. Bg5 Qa5 13. Qd2 Re8 14. O-O Nh7 15. Bh4 Qb4 16. Rab1 Qd4+ 17. Kh1 Qxd2 0-1

[Event "Live Chess"]
[Site "Chess.com"]
[Date "2023.05.21"]
[Round "-"]
[White "Ferrarifan27"]
[Black "McSlash1"]
[Result "0-1"]
[WhiteElo "2047"]
[BlackElo "1977"]
[TimeControl "300"]
[EndTime "8:51:43 PDT"]
[Termination "McSlash1 won on time"]

1. e4 c5 2. Nf3 d6 3. d4 cxd4 4. Nxd4 Nf6 5. Nc3 g6 6. Nd5 Nxd5 7. Bb5+ Bd7 8. exd5 Bg7 9. O-O O-O 10. Bxd7 Nxd7 11.
Re1 Re8 12. Bg5 h6 13. Bh4 Ne5 14. c3 Qb6 15. Nb3 h5 16. Bg3 Nc4 17. Qe2 Rac8 18. Rab1 a5 19. Qc2 a4 20. Nd2 Nxd2 21. Qxd2 Qc5 22. Re4 a3 23. bxa3 Qxc3 24. Qxc3 Rxc3 25. h3 Rxa3 26. Rxb7 Bf6 27. Bxd6 Rxa2 28. Bxe7 Bg5 29. d6 Ra1+ 30. Kh2 Bxe7 31. dxe7 f5 32. Re6 Kf7 33.
Rbb6 Ra2 34. Rf6+ Kxe7 35. Rbe6+ Kd7 36. Rxe8 Kxe8 37. f3 g5 38. Rxf5 g4 39. hxg4 hxg4 40. fxg4 Ke7 41. Kh3 Ke6 42. g3 Ra1 43. Rb5 Kf6 44.
g5+ Kg6 45. Kh4 Ra4+ 46. g4 Ra6 47. Rb8 Rc6 48. Rh8 Kg7 49. Ra8 Rc1 50. Ra7+ Kg6 51.
Ra6+ Kg7 52. g6 Rc7 53. Kh5 Rc5+ 54. g5 Rc7 55. Rf6 Rc1 56. Rf7+ Kg8 57. Rb7 Rh1+ 58.
Kg4 Rg1+ 59. Kf4 Rf1+ 60. Ke4 Rg1 61. Kf5 Rf1+ 62. Ke6 Re1+ 63. Kf6 Rf1+ 64. Ke7 Re1+ 65. Kd8 Re5 66. Rb6 Rxg5 67. Ke7 Kg7 68. Re6 Rg1 69.
Ke8 Ra1 70. Kd7 Ra7+ 71. Ke8 Kg8 72. Re7 Ra6 73. Kd7 Ra7+ 74. Ke6 Ra6+ 75. Kf5 Ra1 76.
Kf6 Rf1+ 77. Kg5 Rg1+ 78. Kh6 Rh1+ 79. Kg5 Kf8 80. Rf7+ Kg8 81. Rb7 Rg1+ 82. Kh6 Rh1+ 83. Kg5 Kf8 84. g7+ Kg8 0-1

[Event "Live Chess"]
[Site "Chess.com"]
[Date "2023.05.21"]
[Round "-"]
[White "grillage"]
[Black "Biranidun"]
[Result "0-1"]
[WhiteElo "1791"]
[BlackElo "2522"]
[TimeControl "300"]
[EndTime "8:51:44 PDT"]
[Termination "Biranidun won by resignation"]

1. d4 Nf6 2. Nc3 d5 3. Bf4 g6 4. e3 Bg7 5. h4 c6 6. h5 Nxh5 7.
Rxh5 gxh5 8. Qxh5 Nd7 9. Qh2 Nf6 10. Be2 Bf5 11. f3 b5 12. O-O-O Rc8 13. g4 Bg6 14. Be5 h6 15. f4 Kf8 16. f5 Bh7 17. Qg3 Qa5 18. g5 hxg5 19. Qxg5 b4 20. Nb1 c5 21. Nf3 cxd4 22. Bxd4 Qa4 23. b3 Qxa2 24. Bd3 Qxb3 25. Kd2 Qa4 26. Rg1 Rg8 27. Qh4 Ne4+ 28. Ke2 Rxc2+ 29. Bxc2 Qxc2+ 30. Nbd2 Nxd2 31. Nxd2 Qxf5 32. Bxg7+ Rxg7 33. Rxg7 Kxg7 34. Qxe7 Qd3+ 35. Ke1 Qc3 36.
Qg5+ Bg6 37. Ke2 b3 38. Nf3 b2 39. Nd4 b1=Q 40. Qe5+ Kg8 41. Qe8+ Kh7 0-1

[Event "Live Chess"]
[Site "Chess.com"]
[Date "2023.05.21"]
[Round "-"]
[White "garyjc"]
[Black "ramses-IIG"]
[Result "1-0"]
[WhiteElo "1079"]
[BlackElo "850"]
[TimeControl "300"]
[EndTime "8:51:44 PDT"]
[Termination "garyjc won by resignation"]

1. e4 d5 2. exd5 Qxd5 3. Nc3 Qe6+ 4. Be2 Qg6 5. Nf3 Qxg2 6. Rg1 Qh3 7. Ng5 Qxh2 8. Nf3 Qd6 9. d4 c6 10. Ne4 Qb4+ 11.
c3 Qb6 12. Bd3 Nf6 13. Qe2 Nbd7 14. Nd6+ Kd8 15. Nxf7+ 1-0

[Event "Live Chess"]
[Site "Chess.com"]
[Date "2023.05.21"]
[Round "-"]
[White "LiamClery2020"]
[Black "DRS44"]
[Result "1-0"]
[WhiteElo "1996"]
[BlackElo "1222"]
[TimeControl "300"]
[EndTime "8:51:51 PDT"]
[Termination "LiamClery2020 won - game abandoned"]

1. e4 e5 2. Nc3 Nf6 3. f4 d5 4. fxe5 Nxe4 5. Qf3 Nxc3 6. bxc3 Bc5 7. d4 Bb6 8. Bd3 O-O 9. Ne2 Qh4+ 10. Ng3 Be6 11. O-O Nc6 12. Be3 1-0

[Event "Live Chess"]
[Site "Chess.com"]
[Date "2023.05.21"]
[Round "-"]
[White "JanMur7"]
[Black "Bot_Boy"]
[Result "1-0"]
[WhiteElo "1951"]
[BlackElo "332"]
[TimeControl "300"]
[EndTime "8:52:05 PDT"]
[Termination "JanMur7 won on time"]

1. e4 d5 2. exd5 Qxd5 3. Nc3 Qd8 4. Nf3 e6 5. d4 Bb4 6. Bc4 Nf6 7. O-O Bxc3 8.
bxc3 a6 9. Ne5 g6 10. Bg5 b5 11. Bb3 h6 12. Qf3 hxg5 13. Qxa8 Bd7 14. Nxd7 Nfxd7 15. Qf3 Qf6 16. Qxf6 Nxf6 17. Rfe1 O-O 18. Re5 g4 19. Rae1 Re8 20. d5 Nbd7 21. dxe6 fxe6 22. Rxe6 Rxe6 23. Rxe6 Nf8 24. Rxf6+ Kg7 25. Rf7+ Kh6 26. Rxf8 1-0

[Event "Live Chess"]
[Site "Chess.com"]
[Date "2023.05.21"]
[Round "-"]
[White "onemoretime1975"]
[Black "youtookmyhorse"]
[Result "1-0"]
[WhiteElo "1840"]
[BlackElo "784"]
[TimeControl "300"]
[EndTime "8:52:06 PDT"]
[Termination "onemoretime1975 won by checkmate"]

1. e4 c6 2. Nf3 d5 3. exd5 cxd5 4. d4 Nf6 5. Bd3 Bg4 6. h3 Bxf3 7. Qxf3 e6 8. c3 Bd6 9. Bf4 Bxf4 10. Qxf4 Nc6 11. O-O Qe7 12. Nd2 Rd8 13. Nf3 Nh5 14. Qg4 Nf6 15.
Qxg7 Rg8 16. Qh6 Kd7 17. Bb5 Rg6 18. Ne5+ Kc7 19. Nxg6 fxg6 20. Bxc6 bxc6 21. b4 Ne4 22. Qe3 Rf8 23. f3 Ng5 24. Rfb1 Nxh3+ 25. gxh3 Qh4 26. Qe5+ Kb6 27. b5 Rxf3 28. bxc6+ Ka5 29. Qc7+ Ka4 30. Qxa7# 1-0

[Event "Live Chess"]
[Site "Chess.com"]
[Date "2023.05.21"]
[Round "-"]
[White "BillythekidFellowes"]
[Black "EdenHazard8"]
[Result "0-1"]
[WhiteElo "2120"]
[BlackElo "1949"]
[TimeControl "300"]
[EndTime "8:52:07 PDT"]
[Termination "EdenHazard8 won by resignation"]

1. e4 c6 2. d4 d5 3. exd5 cxd5 4. Nc3 Nc6 5. Nf3 Bg4 6. Be3 e6 7. Bb5 a6 8. Ba4 Bd6 9. h3 Ne7 10. Qe2 Bh5 11. g4 Bg6 12. O-O-O b5 13. Bb3 Na5 14.
Ne5 Nc4 15. f4 Rc8 16. Rhf1 b4 17. Ba4+ Kf8 18. f5 exf5 19. gxf5 Bxf5 20. Nxd5 Nxd5 21. Rxf5 f6 22. Nxc4 Rxc4 23. Qxc4 Nxe3 24. Qe6 Nxf5 25. Qxf5 g6 26. Qe6 Kg7 27. Re1 Rf8 28. h4 f5 29.
Kb1 f4 30. h5 f3 31. Bb3 Qh4 32. hxg6 hxg6 33. Rg1 Rf6 34. Qd7+ Kh6 35. Qd8 Bg3 36. Bc4 f2 37. Rf1 Kg5 38. a3 bxa3 39. bxa3 Qe4 40.
Bd3 Qe1+ 41. Kb2 Qe6 42. Qa5+ Kf4 43. Qd2+ Kg4 44. Rh1 Qb6+ 45. Ka2 Qe6+ 46. Kb2 Qb6+ 47. Ka2 Qe6+ 48. Ka1 Qd5 49. Qe2+ Qf3 50. Qf1 Qf4 51. Qh3+ Kf3 52. c3 Qd2 53. Qf1 Qxc3+ 54. Ka2 Qd2+ 55. Ka1 Rb6 56. Qd1+ Qxd1+ 57. Rxd1 g5 58. d5 Be5+ 59. Ka2 Rb2+ 60. Ka1 Rd2+ 61. Kb1 Rxd1+ 62. Kc2 Rxd3 0-1

[Event "Live Chess"]
[Site "Chess.com"]
[Date "2023.05.21"]
[Round "-"]
[White "ConorMaclaud"]
[Black "LL220284LL"]
[Result "0-1"]
[WhiteElo "2117"]
[BlackElo "2242"]
[TimeControl "300"]
[EndTime "8:52:10 PDT"]
[Termination "LL220284LL won by resignation"]

1. Nf3 d5 2. e3 e6 3. d4 Nf6 4. c4 Be7 5. Nc3 O-O 6. Bd3 dxc4 7.
Bxc4 b6 8. O-O Bb7 9. Re1 Nbd7 10. e4 c5 11. d5 exd5 12. exd5 Bd6 13. Bg5 h6 14. Bh4 a6 15. Ne4 g5 16. Nxd6 gxh4 17.
Nxb7 Qc7 18. Qd2 Qxb7 19. Qxh6 Rfe8 20. Nxh4 Rxe1+ 21. Rxe1 Re8 22. Rf1 Re5 23. f4 Rh5 24.
Qxh5 Nxh5 25. Nf5 b5 26. Bd3 c4 27. Bc2 Kf8 28. d6 Ng7 29. Ne7 Qb6+ 30. Kh1 Qxd6 31.
Re1 Ne6 32. f5 Qd2 0-1

[Event "Live Chess"]
[Site "Chess.com"]
[Date "2023.05.21"]
[Round "-"]
[White "HoarseyHorsey"]
[Black "OleksiyJr1"]
[Result "1-0"]
[WhiteElo "1468"]
[BlackElo "1043"]
[TimeControl "300"]
[EndTime "8:52:11 PDT"]
[Termination "HoarseyHorsey won by resignation"]

1. d4 Nf6 2. c4 c6 3. Nc3 d6 4. Bf4 d5 5. cxd5 cxd5 6. e3 e5 7. dxe5 d4 8. exd4 Ne4 9. Nxe4 Qd5 10. Bd3 Qxe4+ 11. Bxe4 Bg4 1-0

[Event "Live Chess"]
[Site "Chess.com"]
[Date "2023.05.21"]
[Round "-"]
[White "Man-Del-Brot"]
[Black "peter-785"]
[Result "1-0"]
[WhiteElo "1095"]
[BlackElo "1159"]
[TimeControl "300"]
[EndTime "8:52:15 PDT"]
[Termination "Man-Del-Brot won by checkmate"]

1. d4 d5 2. Nf3 c6 3. Bf4 e6 4. e3 Nf6 5. Nbd2 Be7 6. c3 c5 7.
h3 cxd4 8. exd4 O-O 9. Bd3 Qb6 10.
Qc2 g6 11. O-O Re8 12. Rfe1 Bf8 13. c4 Qc6 14. Ne5 Qc7 15. Nxg6 Qc6 16. Ne5 Qb6 17.
c5 Qb4 18. Nb3 Nc6 19. a3 Qa4 20. Re3 Nxd4 21. Nxd4 Qxd4 22. Rd1 Qxc5 23. Bxh7+ Nxh7 24. Rg3+ Kh8 25. Nxf7# 1-0

[Event "Live Chess"]
[Site "Chess.com"]
[Date "2023.05.21"]
[Round "-"]
[White "Ra2orLeaf"]
[Black "MartinWalker4"]
[Result "0-1"]
[WhiteElo "1137"]
[BlackElo "2095"]
[TimeControl "300"]
[EndTime "8:52:39 PDT"]
[Termination "MartinWalker4 won by checkmate"]

1. d4 Nf6 2. Nf3 g6 3. c4 Bg7 4.
Nc3 d5 5. Bf4 O-O 6. e3 c5 7.
Be2 cxd4 8. Nxd4 Nc6 9. Nxc6 bxc6 10. cxd5 Nxd5 11. Nxd5 cxd5 12. Qd2 Qb6 13. Rb1 Bf5 14. Rd1 Bxb2 15. Qxd5 Bc3+ 16. Kf1 Rad8 17. Qb3 Rxd1+ 18.
Bxd1 Rd8 19. g4 Qc6 20. f3 Bxg4 21. Kf2 Be6 22. Qc2 Rd2+ 23. Qxd2 Bxd2 24. Be2 Bxa2 25. Rd1 Qc2 26. h4 Bc4 27. e4 Bxf4 28. Rd8+ Kg7 29.
Rc8 Qxe2+ 30. Kg1 Qf1# 0-1

[Event "Live Chess"]
[Site "Chess.com"]
[Date "2023.05.21"]
[Round "-"]
[White "Ninifu"]
[Black "Hacker_2009"]
[Result "1-0"]
[WhiteElo "2023"]
[BlackElo "1941"]
[TimeControl "300"]
[EndTime "8:52:52 PDT"]
[Termination "Ninifu won by checkmate"]

1. d4 Nf6 2. c4 e6 3. Nc3 d5 4.
cxd5 Nxd5 5. e4 Nxc3 6. bxc3 c5 7. Nf3 Nc6 8. Bc4 cxd4 9. cxd4 Bb4+ 10. Bd2 Bxd2+ 11. Qxd2 O-O 12. O-O a6 13. d5 exd5 14. Bxd5 Be6 15. Bxe6 fxe6 16. Qxd8 Rfxd8 17. Rfd1 Rac8 18. Rac1 Nb4 19. a3 Nc6 20. Ng5 e5 21. Ne6 Rxd1+ 22. Rxd1 Nd4 23. Nxd4 exd4 24. g3 Rc3 25. Rxd4 Rxa3 26.
Rd7 Rb3 27. e5 a5 28. f4 a4 29. f5 a3 30. e6 a2 31. Rd8# 1-0